 Dungeon Crawl Stone Soup version 0.29.0-4-gdea44cf6ec (webtiles) character file.

Game seed: 770575559114679807

13 xian the Stinger (level 2, 0/14 HPs)
             Began as a Spriggan Wanderer on Aug 28, 2022.
             Slain by an endoplasm (2 damage)
             ... on level 1 of the Dungeon.
             The game lasted 00:02:33 (676 turns).

xian the Stinger (Spriggan Wanderer)                 Turns: 676, Time: 00:02:33

Health: 0/14       AC:  2    Str: 10    XL:     2   Next: 24%
Magic:  0/7        EV: 15    Int: 12    God:
Gold:   9          SH:  0    Dex: 13    Spells: 5/7 levels left

rFire   . . .      SeeInvis +   a - +0 dagger
rCold   . . .      Faith    .   (no shield)
rNeg    . . .      Spirit   +   c - +0 robe
rPois   .          Reflect  .   (helmet restricted)
rElec   .          Harm     .   (no cloak)
rCorr   .          Rampage  .   (gloves unavailable)
Will    .....                   (boots unavailable)
Stlth   +.........              f - amulet of guardian spirit
HPRegen 0.04/turn               (no ring)
MPRegen 0.10/turn               (no ring)

@: very quick
A: very small, no large weapons, unfitting armour, see invisible, speed 3
a: no special abilities


You were on level 1 of the Dungeon.
You visited 1 branch of the dungeon, and saw 2 of its levels.

You collected 9 gold pieces.

Inventory:

Hand Weapons
 a - a +0 dagger (weapon)
Armour
 c - a +0 robe (worn)
Jewellery
 f - an amulet of guardian spirit (around neck)
 g - an amulet of faith
Wands
 d - a wand of flame (5)
Scrolls
 h - a scroll of identify {unknown}
 i - a scroll of teleportation {unknown}
Potions
 b - a potion of lignification
 e - 2 potions of invisibility {unknown}


   Skills:
 + Level 1.0 Fighting
 + Level 3.0 Spellcasting
 + Level 1.7 Ice Magic
 + Level 3.3 Poison Magic
 + Level 2.9 Evocations


You had 5 spell levels left.
You knew the following spells:

 Your Spells              Type           Power      Damage    Failure   Level
a - Freeze                Ice            24%        1d5       12%         1
b - Sting                 Tmut/Pois      20%        1d4       12%         1

Your spell library contained the following spells:

 Spells                   Type           Power      Damage    Failure   Level
 Frozen Ramparts          Ice            12%        1d2       34%         3
 Ignite Poison            Fire/Tmut/Pois 4%         N/A       43%         3
 Corpse Rot               Necr/Pois/Air  4%         N/A       83%         4


Dungeon Overview and Level Annotations

Branches:
Dungeon (2/15)

Altars:


Innate Abilities, Weirdness & Mutations

You are very small and have problems with some larger weapons.
You are too small for most types of armour.
You have supernaturally acute eyesight. (SInv)
You cover ground extremely quickly. (Speed+++)


Message History

You are too injured to fight recklessly!
You are too injured to fight recklessly!
Unknown command.
Casting: Freeze (safe; 12% risk of failure)
Confirm with . or Enter, or press ? or * to list all spells.
Aiming: Freeze (safe; 12% risk of failure)
Press: ? - help, Shift-Dir - straight line, f/p - endoplasm
Aim: an endoplasm (lightly wounded)
You miscast Freeze.
You are very lightly contaminated with residual magic.
Nothing appears to happen.
The endoplasm freezes you.
You are frozen.
* * * LOW HITPOINT WARNING * * *
You can't go down here!
Your magical contamination has completely faded away.
There is a stone staircase leading down here.
You climb downwards.
Found 7 gold pieces.
There is a stone staircase leading up here.
You are too injured to fight recklessly!
You are too injured to fight recklessly!
You are too injured to fight recklessly!
Casting: Freeze (safe; 12% risk of failure)
Confirm with . or Enter, or press ? or * to list all spells.
Aiming: Freeze (safe; 12% risk of failure)
Press: ? - help, Shift-Dir - straight line, f - adder
Aim: an adder (asleep)
You freeze the adder.
The adder hisses angrily.
The adder is heavily wounded.
The adder bites you.
* * * LOW HITPOINT WARNING * * *
Casting: Freeze (safe; 12% risk of failure)
Confirm with . or Enter, or press ? or * to list all spells.
You don't have enough magic to cast this spell.
Unknown command.
The adder completely misses you.
You climb upwards.
The endoplasm hits you.
You die...

#####..###.#.####.####
##.#(..#...##.....
#####..#...###.##.....
#.....#.).......#.....
#....#.###...#.....).. #
#....#...#...#.##.....
#.#....###.#.###.##.....
##.#....###..#....##.####
.≈≈≈≈..J@S.......###..
....≈...##.##..÷.########
.≈≈≈≈....................
.###.....####............
#.....#...........#...
#####.#...######..#.##
#.###. ##...## #J# #.
#....# #.# #.#..#


You could see an adder and an endoplasm.

Vanquished Creatures
  A dart slug (D:1)
  A ball python (D:1)
  An endoplasm (D:1)
  A giant cockroach (D:1)
  2 goblins (D:1)
  A hobgoblin (D:1)
  2 bats (D:1)
  A kobold (D:1)
10 creatures vanquished.

Notes
Turn   | Place    | Note
-------+----------+-------------------------------------------
     0 | D:1      | xian the Spriggan Wanderer began the quest for the Orb.
     0 | D:1      | xian set off with the following items: a +0 dagger, a
                  | potion of lignification, a +0 robe, a wand of flame (5);
                  | and the following spells available to memorise: Freeze,
                  | Sting, Frozen Ramparts, Ignite Poison, Corpse Rot.
     0 | D:1      | Reached XP level 1. HP: 10/10 MP: 5/5
   222 | D:1      | Learned a level 1 spell: Freeze
   251 | D:1      | Found a faded altar of an unknown god.
   395 | D:1      | Reached XP level 2. HP: 8/14 MP: 0/6
   656 | D:1      | Learned a level 1 spell: Sting
   676 | D:1      | Slain by an endoplasm

Illustrated notes

Levels and vault maps discovered:
D:1:      eino_arrival_cavern_a, layout_basic, shapermc_ecumenical_altar_gd,
          chequers_serial_rivers_micro_d, glass_columns_a,
          nicolae_shop_unique_rings, minmay_pentomino_v4
D:2:      layout_rooms, minmay_goblin_kobold_house, uniq_natasha

Skill      XL: |  1  2 |
---------------+-------+-----
Spellcasting   | 3 |  3.0
Fighting       | |  1.0
Ice Magic      | |  1.7
Poison Magic   | |  3.3
Evocations     | |  2.9

Action                   || total
-------------------------++-------
Melee: Dagger            ||    25
 Cast: Freeze            ||    16
Armor: Robe              ||     9
Dodge: Dodged            ||    33
